 Dungeon Crawl Stone Soup version 0.28.0 (webtiles) character file.

Game seed: 14515717792660635647

232 crazypyro the Chopper (level 5, -5/48 HPs)
             Began as a Minotaur Fighter on Feb 5, 2022.
             Was a Believer of Trog.
             Slain by an orc (15 damage)
             ... on level 3 of the Dungeon.
             The game lasted 00:02:45 (3432 turns).

crazypyro the Chopper (Minotaur Fighter)            Turns: 3432, Time: 00:02:46

Health: -5/48      AC: 15    Str: 22    XL:     5   Next: 73%
Magic:  4/4        EV:  9    Int:  5    God:    Trog [**....]
Gold:   56         SH:  4    Dex: 10    Spells: 4/4 levels left

rFire   . . .      SeeInvis .   a - +0 war axe
rCold   . . .      Faith    .   c - +0 buckler
rNeg    . . .      Spirit   .   b - +0 scale mail
rPois   .          Reflect  .   (helmet restricted)
rElec   .          Harm     .   (no cloak)
rCorr   .          Rampage  .   (no gloves)
Will    .....                   (no boots)
Stlth   ..........              (no amulet)
HPRegen 0.16/turn               h - +4 ring of protection
MPRegen 0.09/turn               k - +4 ring of protection

@: no status effects
A: horns 2, retaliatory headbutt
a: Renounce Religion, Berserk, Trog's Hand


You were on level 3 of the Dungeon.
You worshipped Trog.
Trog was pleased with you.
You visited 1 branch of the dungeon, and saw 4 of its levels.

You collected 56 gold pieces.

Inventory:

Hand Weapons
 a - a +0 war axe (weapon)
Armour
 b - a +0 scale mail (worn)
 c - a +0 buckler (worn)
Jewellery
 h - a +4 ring of protection (left hand)
 k - a +4 ring of protection (right hand)
Scrolls
 j - a scroll of identify
 l - a scroll of acquirement {unknown}
 m - a scroll of fear {unknown}
Potions
 d - a potion of might
 e - a potion of heal wounds {unknown}
 f - a potion of flight
 g - 2 potions of mutation {unknown}
 i - a potion of resistance {unknown}


   Skills:
 - Level 5.0 Fighting
 * Level 5.4 Axes
 - Level 5.0 Armour
 - Level 3.6 Shields


You had 4 spell levels left.
You didn't know any spells.
Your spell library was empty.

Dungeon Overview and Level Annotations

Branches:
Dungeon (4/15)
 Temple: D:4-7

Altars:
Kikubaaqudgha
Trog

Shops:
D:1 [


Innate Abilities, Weirdness & Mutations

You have a pair of horns on your head.
You reflexively headbutt those who attack you in melee.


Message History

You see here a worm corpse.
There is a stone staircase leading down here.
You climb downwards.
There is a stone staircase leading up here.
A phantom is nearby!
A phantom is nearby!
A phantom is nearby!
A phantom is nearby!
An orc comes into view.
It is wielding a +2 whip of electrocution.
The orc shouts!
The phantom hits you but does no damage.
You miss the phantom. You headbutt the phantom.
The phantom is lightly damaged.
The phantom closely misses you.
You slash the phantom! You headbutt the phantom!
The phantom is almost destroyed.
The phantom hits you.
The phantom blinks!
You blink.
The orc hits you but does no damage.
You closely miss the phantom.
The phantom is almost destroyed.
You closely miss the orc. You block the phantom's attack.
The orc hits you with a +2 whip of electrocution.
You are electrocuted!
You hit the phantom but do no damage. You headbutt the phantom.
The phantom is almost destroyed.
You barely miss the orc. The phantom misses you. You furiously retaliate!
You headbutt the phantom, but do no damage.
The orc hits you but does no damage. The phantom barely misses you.
The orc hits you with a +2 whip of electrocution.
You are electrocuted!!
* * * LOW HITPOINT WARNING * * *
The phantom closely misses you.
There is a stone staircase leading up here.
The phantom hits you but does no damage.
The orc hits you but does no damage.
You climb upwards.
There is a stone staircase leading down here.
The phantom hits you but does no damage.
The orc hits you but does no damage.
You are electrocuted!
You die...

#.################ #.# #.#
#.#### #....# #.##.#####
#############.##.#...#
#(.#.##.##.##.##.#.#.##### #
#............@##.#......<#####
#..#.##.##.#o>W...............
####################.#########
#...# #.......... #.###
########### #.# #.... #.#####
#.... #.....# #.... #####.#
#....


You could see a phantom and an orc.

Vanquished Creatures
  A water moccasin (D:3)
  Natasha (twice) (D:3)
  2 adders
  3 worms
  A dart slug (D:3)
  6 ball pythons
  7 bats
  4 endoplasms
  A giant cockroach (D:3)
  6 goblins
  4 hobgoblins
  5 kobolds
  A quokka (D:3)
  4 frilled lizards
  5 rats
52 creatures vanquished.

Notes
Turn   | Place    | Note
-------+----------+-------------------------------------------
     0 | D:1      | crazypyro the Minotaur Fighter began the quest for the Orb.
     0 | D:1      | Reached XP level 1. HP: 19/19 MP: 0/0
   287 | D:1      | Found Lesutoh's Antique Armour Emporium.
   362 | D:1      | Reached XP level 2. HP: 17/27 MP: 1/1
   690 | D:1      | Found a faded altar of an unknown god.
   820 | D:1      | Prayed at the altar of an unknown god.
   820 | D:1      | Became a worshipper of Trog the Wrathful
   820 | D:1      | Reached * piety under Trog
  1449 | D:2      | Reached XP level 3. HP: 29/33 MP: 2/2
  1790 | D:2      | Found an ancient bone altar of Kikubaaqudgha.
  2661 | D:3      | Reached XP level 4. HP: 40/41 MP: 3/3
  2747 | D:3      | Noticed Natasha
  2751 | D:3      | Killed Natasha
  2777 | D:3      | Noticed Natasha
  2788 | D:3      | Killed Natasha
  2968 | D:3      | Noticed a water moccasin
  2978 | D:3      | Killed a water moccasin
  2979 | D:3      | Reached skill level 5 in Fighting
  2979 | D:3      | Reached skill level 5 in Axes
  2979 | D:3      | Reached XP level 5. HP: 31/48 MP: 4/4
  3255 | D:3      | Reached skill level 5 in Armour
  3259 | D:3      | Reached ** piety under Trog
  3422 | D:4      | Noticed a phantom
  3432 | D:3      | Slain by an orc

Illustrated notes

Levels and vault maps discovered:
D:1:      dpeg_arrival_short_road, layout_basic, serial_shops,
          nicolae_shop_hallway_stairs, dilly_ecumenical_altar_fadedgnrine,
          chequers_mini_garden
D:2:      minmay_chambers_of_ones, layout_basic, basic_altar,
          minmay_tetromino_l2
D:3:      layout_basic, amcnicky_mini_corridor_feature, minmay_fountain_box,
          uniq_natasha
D:4:      gammafunk_steamed_eel, layout_basic, minmay_increasing_density,
          uniq_pikel, uniq_robin

Skill      XL: |  1  2  3  4  5 |
---------------+----------------+-----
Axes           | 3 4 5 |  5.4
Fighting       | 4 5 |  5.0
Armour         | 4 5 |  5.0
Shields        | |  3.6

Action                   |  1- 3 |  4- 6 || total
-------------------------+-------+-------++-------
Melee: War axe           |    84 |    33 ||   117
       Headbutt          |    13 |     6 ||    19
Invok: Berserk           |       |     2 ||     2
  Use: Scroll            |     3 |       ||     3
Armor: Scale mail        |    41 |    20 ||    61
Dodge: Dodged            |    41 |    26 ||    67
Block: Buckler           |     9 |     8 ||    17
